 Dungeon Crawl Stone Soup version 0.25-a0-1119-g28b6fd0c3b (webtiles) character file.

Game seed: 7608774624530862122, levelgen mode: deterministic

88 Esekla the Magician (level 4, 0/28 HPs)
             Began as an Octopode Wizard on May 17, 2020.
             Slain by Pikel
             ... wielding a +0 whip of flaming
              (1 damage)
             ... on level 5 of the Dungeon.
             The game lasted 00:18:08 (2456 turns).

Esekla the Magician (Octopode Wizard)               Turns: 2456, Time: 00:18:08

Health: 0/28       AC:  1    Str:  6    XL:     4   Next: 53%
Magic:  1/10       EV: 13    Int: 21    God:
Gold:   78         SH:  0    Dex: 10    Spells: 2/11 levels left

rFire    . . .     SeeInvis .   i - +0 short sword
rCold    . . .     Gourm    .   (no shield)
rNeg     . . .     Faith    .   a - +0 hat
rPois    .         Spirit   .   (no amulet)
rElec    .         Reflect  .   (no ring)
rCorr    .         Harm     .   (no ring)
MR       .....                  (no ring)
Stlth    +++.......             (no ring)
HPRegen  0.09/turn              (no ring)
MPRegen  0.12/turn              (no ring)
                                (no ring)
                                (no ring)

@: lethally poisoned (0 -> -3), very slightly contaminated
A: almost no armour, stealthy swim, amphibious, 8 rings, constrict 8, camouflage
1, gelatinous body 1
a: no special abilities


You were on level 5 of the Dungeon.
You were very hungry.

You visited 1 branch of the dungeon, and saw 5 of its levels.

You collected 78 gold pieces.

Inventory:

Hand Weapons
 i - a +0 short sword (weapon)
Armour
 a - a +0 hat (worn)
 j - a +0 buckler
Wands
 n - a wand of paralysis (2)
Scrolls
 d - 2 scrolls of identify {unknown}
 e - a scroll of fear {unknown}
 g - 2 scrolls of enchant weapon {unknown}
 h - a scroll of remove curse {unknown}
 m - a scroll of magic mapping {unknown}
 o - a scroll of amnesia {unknown}
Potions
 b - 2 potions of lignification {unknown}
 f - a potion of stabbing {unknown}
 k - a potion of degeneration {unknown}
 l - a potion of curing {unknown}
Comestibles
 c - 6 rations


   Skills:
 * Level 1.0 Fighting
 + Level 0.4 Short Blades
 + Level 2.1 Dodging
 - Level 2.6 Stealth
 * Level 0.1 Shields
 * Level 4.2 Spellcasting
 + Level 1.2 Conjurations
   Level 1.0 Summonings
 * Level 1.3 Translocations
 * Level 0.5 Air Magic
 * Level 0.4 Poison Magic


You had 2 spell levels left.
You knew the following spells:

 Your Spells              Type           Power        Failure   Level  Hunger
a - Magic Dart            Conj           #...         7%          1    None
b - Blink                 Tloc           N/A          11%         2    #......
c - Mephitic Cloud        Conj/Pois/Air  #.......     26%         3    ###....
f - Conjure Flame         Conj/Fire      #.......     26%         3    ###....

Your spell library contained the following spells:

 Spells                   Type           Power        Failure   Level  Hunger
 Call Imp                 Summ           #.......     12%         2    #......
 Slow                     Hex            #.......     19%         2    #......


Dungeon Overview and Level Annotations

Branches:
Dungeon (5/15)
 Temple: D:4-7

Altars:
Cheibriados

Annotations:
D:5 Pikel


Innate Abilities, Weirdness & Mutations

You cannot wear most types of armour.
You are very stealthy in the water. (Stealth+)
You are amphibious.
You can wear up to eight rings at the same time.
You can use your tentacles to constrict eight enemies at once.
Your skin changes colour to match your surroundings (Stealth+).
Your rubbery body absorbs attacks. (AC +1, EV +1)


Message History

The orc priest barely misses you.
Casting: Mephitic Cloud (quite dangerous; 26% risk of failure)
Confirm with . or Enter, or press ? or * to list all spells.
The spell is quite dangerous to cast (26% risk of failure)!
Continue anyway?
Aiming: Mephitic Cloud (quite dangerous; 26% risk of failure)
Press: ? - help, Shift-Dir - straight line, f/p - orc priest
Aim: an orc priest, wielding a +0 trident and wearing a +0 ring mail You miscast Mephitic Cloud.
Nothing appears to happen.
The orc priest hits you from afar with a +0 trident!
* * * LOW HITPOINT WARNING * * *
* * * LOW HITPOINT WARNING * * *
You feel sick. The orc priest barely misses you.
You climb downwards.
Level annotation: Pikel A slave comes into view.
The slave shouts!
You hear a shout!
Pikel hits you with a +0 whip of flaming.
* * * LOW HITPOINT WARNING * * *
Pikel burns you.
You die...

##.##
#####...###.####
[.......p.......
####...##......
##.## #####
#.####...#
#........#
#.###K...#
#@#### #.# #.#
#.# #.# #.# ...
###


You could see Pikel and a slave.

Vanquished Creatures
  An orc priest (D:4)
  2 adders
  A dart slug (D:4)
  A leopard gecko (D:4)
  6 orcs
  2 bats
  2 giant cockroaches
  A goblin (D:1)
  5 hobgoblins
  A jackal (D:1)
  4 kobolds
  A frilled lizard (D:3)
  5 rats
32 creatures vanquished.

Notes
Turn   | Place    | Note
-------+----------+-------------------------------------------
     0 | D:1      | Esekla the Octopode Wizard began the quest for the Orb.
     0 | D:1      | Reached XP level 1. HP: 11/11 MP: 4/4
     2 | D:1      | Noticed a troll
     2 | D:1      | Noticed a tengu
     4 | D:1      | Noticed a felid
     6 | D:1      | Noticed an ogre
     6 | D:1      | Noticed a naga
     8 | D:1      | Noticed a vampire
     8 | D:1      | Noticed an octopode
    10 | D:1      | Noticed a demonspawn
    10 | D:1      | Noticed a ghoul
    12 | D:1      | Noticed a merfolk
    12 | D:1      | Noticed a centaur
    14 | D:1      | Noticed an elf
    16 | D:1      | Noticed a minotaur
    18 | D:1      | Noticed a vine stalker
    20 | D:1      | Noticed a human
    20 | D:1      | Noticed a dwarf
    22 | D:1      | Noticed a demigod
    22 | D:1      | Noticed a formicid
    24 | D:1      | Noticed a draconian
    24 | D:1      | Noticed a gargoyle
    26 | D:1      | Noticed a spriggan
    26 | D:1      | Noticed a halfling
   201 | D:1      | Reached XP level 2. HP: 18/18 MP: 0/6
   205 | D:1      | Learned a level 2 spell: Blink
   579 | D:2      | Reached XP level 3. HP: 21/22 MP: 8/8
   624 | D:1      | Learned a level 3 spell: Mephitic Cloud
   628 | D:1      | Learned a level 3 spell: Conjure Flame
  1411 | D:4      | Reached skill level 4 in Spellcasting
  1519 | D:4      | Found a snail-covered altar of Cheibriados.
  1972 | D:5      | Entered Level 5 of the Dungeon
  2001 | D:5      | Noticed a slave
  2068 | D:4      | Reached skill level 1 in Fighting
  2068 | D:4      | Reached XP level 4. HP: 19/28 MP: 6/10
  2412 | D:4      | Noticed an ogre
  2442 | D:5      | Noticed Pikel
  2456 | D:5      | Noticed a slave
  2456 | D:5      | HP: 1/28 [Pikel/+0 whip of flaming (2)]
  2456 | D:5      | Slain by Pikel

Illustrated notes

Levels and vault maps discovered:
D:1:      kb_arrival_jail, layout_rooms
D:2:      wad_pebble_path, layout_basic, first_ration
D:3:      layout_loops_ring, gammafunk_ghost_gnarly_gnolls, dk_xom_monty_hall
D:4:      layout_basic, kennysheep_mini_moat, kennysheep_slug_shrine
D:5:      layout_loops_ring, lemuel_round_altar,
          minmay_temple_entry_butterflies, uniq_pikel, uniq_blork_the_orc,
          uniq_crazy_yiuf_cottage, uniq_ijyb

Skill      XL: |  1  2  3 |
---------------+----------+-----
Spellcasting   | 4 |  4.2
Fighting       | 1 |  1.0
Short Blades   | |  0.4
Dodging        | |  2.1
Stealth        | |  2.6
Shields        | |  0.1
Conjurations   | |  1.2
Summonings     | |  1.0
Translocations | |  1.3
Air Magic      | |  0.5
Poison Magic   | |  0.4

Action                   |  1- 3 |  4- 6 || total
-------------------------+-------+-------++-------
Melee: Dagger            |     6 |       ||     6
       Constrict         |    17 |     2 ||    19
       Tentacles         |     4 |       ||     4
       Short sword       |    28 |     4 ||    32
 Cast: Magic Dart        |    70 |     5 ||    75
 Stab: Sleeping          |     2 |       ||     2
  Eat: Ration            |     1 |       ||     1
Armor: Skin              |     2 |       ||     2
Dodge: Dodged            |    36 |     6 ||    42

Table legend:
 A = Non-vault XP
 B = Vault XP
 C = Vault XP percentage of total XP
 D = Non-vault monster count
 E = Vault monster count
 F = Vault count percentage of total count
                 A         B        C        D         E       F
            +---------+---------+-------+---------+---------+-------
      Total |     122 |       4 |   3.2 |      31 |       1 |   3.1
            +---------+---------+-------+---------+---------+-------
        D:1 |      33 |       0 |   0.0 |      13 |       0 |   0.0
        D:2 |      22 |       0 |   0.0 |       7 |       0 |   0.0
        D:3 |      11 |       0 |   0.0 |       5 |       0 |   0.0
        D:4 |      56 |       4 |   6.7 |       6 |       1 |  14.3
            +---------+---------+-------+---------+---------+-------
